 Dungeon Crawl Stone Soup version 0.25-a0-597-gb30770a0c0 (webtiles) character file.

Game seed: 14910400516464480190, levelgen mode: deterministic

10437 Emblim88 the Blocker (level 11, -5/89 HPs)
             Began as a Gnoll Fighter on Mar 15, 2020.
             Was a High Priest of Cheibriados.
             Slain by a fire crab (7 damage)
             ... on level 10 of the Dungeon.
             The game lasted 00:22:00 (11211 turns).

Emblim88 the Blocker (Gnoll Fighter)               Turns: 11211, Time: 00:22:01

Health: -5/89      AC: 18    Str: 33    XL:     11   Next: 62%
Magic:  20/20      EV: 15    Int: 24    God:    Cheibriados [*****.]
Gold:   507        SH: 14    Dex: 25    Spells: 11/22 levels left

rFire    . . .     SeeInvis .   A - +4 war axe (curse)
rCold    . . .     Gourm    +   c - +0 kite shield
rNeg     . . .     Faith    .   b - +0 scale mail
rPois    .         Spirit   .   H - +2 helmet
rElec    .         Reflect  .   y - +0 cloak
rCorr    .         Harm     .   o - +0 pair of gloves
MR       .....                  J - +0 pair of boots
Stlth    +++.......             j - amulet of the gourmand
HPRegen  0.24/turn              r - ring of wizardry
MPRegen  0.17/turn              x - ring of flight

@: lightly drained, very slow
A: distributed training, fangs 1, molten scales 1, clever 1, strong nose
a: Bend Time, Temporal Distortion, Slouch, Step From Time, Renounce Religion,
Evoke Flight


You were on level 10 of the Dungeon.
You worshipped Cheibriados.
Cheibriados was extremely pleased with you.
You were very full.

You visited 1 branch of the dungeon, and saw 10 of its levels.

You collected 597 gold pieces.
You spent 90 gold pieces at shops.

Inventory:

Hand Weapons
 a - a +0 flail
 m - a +0 shortbow of flaming
 A - a cursed +4 war axe (weapon)
Missiles
 g - 178 stones
 t - 52 sling bullets
 B - 11 boomerangs (quivered)
 E - 175 arrows
Armour
 b - a +0 scale mail (worn)
 c - a +0 kite shield (worn)
 o - a +0 pair of gloves (worn)
 y - a +0 cloak (worn)
 H - a +2 helmet (worn)
 J - a +0 pair of boots (worn)
Jewellery
 j - an amulet of the gourmand (around neck)
 r - a ring of wizardry (left hand)
 x - a ring of flight (right hand)
Wands
 u - a wand of paralysis (15)
 D - a wand of enslavement (11)
 K - a wand of clouds (6)
Scrolls
 d - 2 scrolls of immolation {unknown}
 e - 5 scrolls of remove curse
 h - 3 scrolls of fog
 i - 2 scrolls of enchant weapon
 k - a scroll of summoning {unknown}
 l - 2 scrolls of amnesia {unknown}
 p - 2 scrolls of enchant armour {unknown}
 w - 3 scrolls of teleportation
 C - a scroll of blinking {unknown}
 G - a scroll of magic mapping {unknown}
 I - a scroll of silence {unknown}
 L - 3 scrolls of identify
 N - a scroll of vulnerability {unknown}
Potions
 n - a potion of cancellation
 q - a potion of haste
 s - a potion of magic
 v - a potion of degeneration {unknown}
 z - a potion of stabbing
 F - 2 potions of heal wounds
 O - a potion of curing
Comestibles
 f - 17 rations


   Skills:
 + Level 9.2(9.1) Fighting
 + Level 6.3 Short Blades
 + Level 6.3 Long Blades
 + Level 6.3 Axes
 + Level 7.9(7.8) Maces & Flails
 + Level 6.3 Polearms
 + Level 6.3 Staves
 + Level 6.3 Slings
 + Level 6.3 Bows
 + Level 6.3 Crossbows
 + Level 6.3 Throwing
 + Level 9.2(9.1) Armour
 + Level 6.3 Dodging
 + Level 6.3 Stealth
 + Level 9.2(9.1) Shields
 + Level 6.3 Unarmed Combat
 + Level 6.3 Spellcasting
 + Level 5.2 Conjurations
 + Level 5.2 Hexes
 + Level 5.2 Charms
 + Level 5.2 Summonings
 + Level 5.2 Necromancy
 + Level 5.2 Translocations
 + Level 5.2 Transmutations
 + Level 5.2 Fire Magic
 + Level 5.2 Ice Magic
 + Level 5.2 Air Magic
 + Level 5.2 Earth Magic
 + Level 5.2 Poison Magic
 + Level 7.0(6.9) Invocations
 + Level 6.3 Evocations


You had 11 spell levels left.
You knew the following spells:

 Your Spells              Type           Power        Failure   Level  Hunger
a - Petrify               Tmut/Erth      ####....     13%         4    ###....
b - Gell's Gravitas       Tloc           ####......   4%          3    None
c - Hailstorm             Conj/Ice       ####....     13%         4    ###....

Your spell library contained the following spells:

 Spells                   Type           Power        Failure   Level  Hunger
 Freeze                   Ice            ####         1%          1    None
 Summon Small Mammal      Summ           ####         1%          1    None
 Call Imp                 Summ           ####....     1%          2    None
 Call Canine Familiar     Summ           ####....     4%          3    None
 Confusing Touch          Hex            ####....     4%          3    None
 Frozen Ramparts          Ice            ####..       4%          3    None
 Ozocubu's Armour         Chrm/Ice       ####....     4%          3    None
 Summon Guardian Golem    Hex/Summ       ####....     4%          3    None
 Summon Ice Beast         Ice/Summ       ####....     13%         4    ###....
 Summon Lightning Spire   Summ/Air       ####....     13%         4    ###....
 Metabolic Englaciation   Hex/Ice        ####......   34%         5    #####..
 Yara's Violent Unravell  Hex/Tmut       ####......   34%         5    #####..


Dungeon Overview and Level Annotations

Branches:
Dungeon (10/15)            Temple (0/1) D:4            Lair (0/6) D:10
    Orc: D:9-12

Altars:
Ashenzari
Cheibriados
Nemelex Xobeh
Vehumet
Wu Jian
Zin

Shops:
D:6 *


Innate Abilities, Weirdness & Mutations

Your experience applies equally to all skills.
You have very sharp teeth.
Your uncanny sense of smell can sniff out nearby items.
You are partially covered in molten scales. (AC +2)
Your mind is acute. (Int +2)


Message History

The blast of flame engulfs the fire crab.
The fire crab completely resists.
You block the fire crab's attack.
The fire crab claws you but does no damage.
You are engulfed in blazing flames.
The fire crab breathes flames at you.
The blast of flame engulfs you but does no damage.
The fire crab breathes flames at you.
The blast of flame engulfs you but does no damage.
The fire crab bites you but does no damage.
The fire crab completely misses you. The fire crab breathes flames at you.
The blast of flame misses you.
You are engulfed in blazing flames.
There is an open translucent door here.
The fire crab breathes flames at you. The blast of flame engulfs you.
You are engulfed in blazing flames.
* * * LOW HITPOINT WARNING * * *
The fire crab bites you!
You die...

#################
###...............#
#.................####
#.#.#############.....
##.#.#####...........##
#.......##.#######.#.#
#....>.<..)........#.#
#....°°..#)#######.#.#
#....°@°°#.# #.#.##
#...°°t°##.# #.....
######t###.# #..#.# ∆ ∆
#.# #.# ##.#.. #.# #.#
#.### ∆ #.# #.# #.# ∆ ∆
#.###.########.# ∆∆∆∆∆
#.##.........#.#
#.##...#####.#.#


You could see 2 fire crabs.

Vanquished Creatures
  A centaur warrior (D:9)
  A two-headed ogre (D:9)
  A death knight (D:9)
  A fire crab (D:10)
  2 kobold demonologists (D:10)
  2 hornets
  4 hippogriffs
  A meliai zombie (D:10)
  Prince Ribbit (D:9)
  A wyvern (D:10)
  A vampire (D:9)
  A spriggan (D:9)
  A steam dragon (D:10)
  2 porcupines (D:10)
  A hornet zombie (D:9)
  2 sky beasts
  2 black bears (D:10)
  An ice beast (D:5)
  2 phantoms
  5 centaurs
  4 ogres
  2 crocodiles (D:10)
  4 big kobolds
  6 bullfrogs
  A wyvern zombie (D:7)
  3 scorpions
  9 wights
  6 killer bees
  A howler monkey (D:4)
  5 crimson imps
  3 centaur zombies
  3 orc priests
  A gnoll shaman (D:6)
  5 hounds
  3 centaur skeletons
  3 bullfrog skeletons
  4 iguanas
  3 orc wizards (D:4)
  8 worker ants
  2 hound zombies
  A hound skeleton (D:10)
  Robin (D:4)
  A worker ant zombie (D:5)
  11 gnolls
  11 adders
  A shadow imp (D:5)
  An adder skeleton (D:4)
  3 adder zombies
  4 worms
  6 leopard geckos
  15 orcs
  4 giant cockroaches
  16 goblins
  8 hobgoblins
  10 jackals
  4 quokkas
  4 bats
  7 frilled lizards
  A jackal zombie (D:5)
  14 kobolds
  9 rats
  2 fungi (D:10)
243 creatures vanquished.

Vanquished Creatures (others)
  24 fungi (D:10)
  6 plants
  4 toadstools (D:1)
34 creatures vanquished.

Grand Total: 277 creatures vanquished

Notes
Turn   | Place    | Note
-------+----------+-------------------------------------------
     0 | D:1      | Emblim88 the Gnoll Fighter began the quest for the Orb.
     0 | D:1      | Reached XP level 1. HP: 23/23 MP: 1/1
   100 | D:1      | Reached XP level 2. HP: 25/29 MP: 2/2
   262 | D:1      | Reached XP level 3. HP: 21/35 MP: 3/3
   355 | D:1      | Reached skill level 1 in Invocations
  1018 | D:2      | Reached skill level 1 in Short Blades
  1018 | D:2      | Reached skill level 1 in Long Blades
  1018 | D:2      | Reached skill level 1 in Axes
  1018 | D:2      | Reached skill level 1 in Polearms
  1018 | D:2      | Reached skill level 1 in Staves
  1018 | D:2      | Reached skill level 1 in Slings
  1018 | D:2      | Reached skill level 1 in Bows
  1018 | D:2      | Reached skill level 1 in Crossbows
  1018 | D:2      | Reached skill level 1 in Throwing
  1018 | D:2      | Reached skill level 1 in Dodging
  1018 | D:2      | Reached skill level 1 in Stealth
  1018 | D:2      | Reached skill level 1 in Unarmed Combat
  1018 | D:2      | Reached skill level 1 in Spellcasting
  1018 | D:2      | Reached skill level 1 in Evocations
  1018 | D:2      | Reached XP level 4. HP: 40/41 MP: 5/5
  1540 | D:3      | Found an ornate altar of the Wu Jian Council.
  1569 | D:3      | Found a faded altar of an unknown god.
  1693 | D:3      | Reached skill level 1 in Conjurations
  1693 | D:3      | Reached skill level 1 in Hexes
  1693 | D:3      | Reached skill level 1 in Charms
  1693 | D:3      | Reached skill level 1 in Summonings
  1693 | D:3      | Reached skill level 1 in Necromancy
  1693 | D:3      | Reached skill level 1 in Translocations
  1693 | D:3      | Reached skill level 1 in Transmutations
  1693 | D:3      | Reached skill level 1 in Fire Magic
  1693 | D:3      | Reached skill level 1 in Ice Magic
  1693 | D:3      | Reached skill level 1 in Air Magic
  1693 | D:3      | Reached skill level 1 in Earth Magic
  1693 | D:3      | Reached skill level 1 in Poison Magic
  1909 | D:4      | Noticed Robin
  1925 | D:4      | Killed Robin
  1933 | D:4      | Reached XP level 5. HP: 43/47 MP: 6/6
  2044 | D:4      | Found a shattered altar of Ashenzari.
  2160 | D:4      | Reached XP level 6. HP: 46/53 MP: 8/8
  2182 | D:4      | Found Zin's Purification Station.
  2234 | D:4      | Found a glowing silver altar of Zin.
  2262 | D:4      | Bought a potion of curing for 90 gold pieces
  2353 | D:4      | Found a sparkling altar of Nemelex Xobeh.
  2354 | D:4      | Found a snail-covered altar of Cheibriados.
  2374 | D:4      | Reached skill level 5 in Maces & Flails
  2645 | D:4      | Became a worshipper of Cheibriados the Contemplative
  2684 | D:4      | Found a staircase to the Ecumenical Temple.
  2933 | D:5      | Entered Level 5 of the Dungeon
  2962 | D:4      | HP: 1/53 [iguana (9)]
  3378 | D:4      | Reached XP level 7. HP: 46/59 MP: 10/10
  3964 | D:5      | Reached * piety under Cheibriados
  4027 | D:5      | Reached XP level 8. HP: 61/67 MP: 12/12
  4474 | D:6      | Found a radiant altar of Vehumet.
  4963 | D:6      | Gained mutation: You are partially covered in molten
                  | scales. (AC +2) [potion of mutation]
  4963 | D:6      | Gained mutation: Your mind is acute. (Int +2) [potion of
                  | mutation]
  4985 | D:6      | Reached ** piety under Cheibriados
  5472 | D:6      | Found Ufeenat's General Store.
  5615 | D:7      | Reached XP level 9. HP: 69/72 MP: 14/14
  6168 | D:8      | Learned a level 4 spell: Petrify
  6172 | D:8      | Learned a level 3 spell: Gell's Gravitas
  6289 | D:8      | Reached *** piety under Cheibriados
  6334 | D:8      | Reached skill level 5 in Invocations
  7289 | D:9      | Noticed a two-headed ogre
  7297 | D:9      | Killed a two-headed ogre
  7297 | D:9      | Reached XP level 10. HP: 38/80 MP: 12/17
  7342 | D:9      | Noticed a centaur warrior
  7684 | D:9      | Reached skill level 5 in Short Blades
  7684 | D:9      | Reached skill level 5 in Long Blades
  7684 | D:9      | Reached skill level 5 in Axes
  7684 | D:9      | Reached skill level 5 in Polearms
  7684 | D:9      | Reached skill level 5 in Staves
  7684 | D:9      | Reached skill level 5 in Slings
  7684 | D:9      | Reached skill level 5 in Bows
  7684 | D:9      | Reached skill level 5 in Crossbows
  7684 | D:9      | Reached skill level 5 in Throwing
  7684 | D:9      | Reached skill level 5 in Dodging
  7684 | D:9      | Reached skill level 5 in Stealth
  7684 | D:9      | Reached skill level 5 in Unarmed Combat
  7684 | D:9      | Reached skill level 5 in Spellcasting
  7684 | D:9      | Reached skill level 5 in Evocations
  7692 | D:9      | Killed a centaur warrior
  7857 | D:9      | Learned a level 4 spell: Hailstorm
  7954 | D:9      | Noticed a death knight
  8373 | D:9      | Noticed Prince Ribbit
  8446 | D:9      | Paralysed by a hornet for 3 turns
  8590 | D:9      | Killed Prince Ribbit
  8876 | D:9      | Killed a death knight
  8876 | D:9      | Reached XP level 11. HP: 10/87 MP: 17/19
  9811 | D:9      | Reached **** piety under Cheibriados
  9864 | D:10     | Entered Level 10 of the Dungeon
  9935 | D:10     | Found a staircase to the Lair.
 10075 | D:10     | Reached skill level 5 in Conjurations
 10075 | D:10     | Reached skill level 5 in Hexes
 10075 | D:10     | Reached skill level 5 in Charms
 10075 | D:10     | Reached skill level 5 in Summonings
 10075 | D:10     | Reached skill level 5 in Necromancy
 10075 | D:10     | Reached skill level 5 in Translocations
 10075 | D:10     | Reached skill level 5 in Transmutations
 10075 | D:10     | Reached skill level 5 in Fire Magic
 10075 | D:10     | Reached skill level 5 in Ice Magic
 10075 | D:10     | Reached skill level 5 in Air Magic
 10075 | D:10     | Reached skill level 5 in Earth Magic
 10075 | D:10     | Reached skill level 5 in Poison Magic
 10256 | D:10     | Noticed a soul eater
 10502 | D:10     | Reached ***** piety under Cheibriados
 10578 | D:10     | Found a runed translucent door.
 10579 | D:10     | Noticed a fire crab
 10829 | D:10     | Killed a fire crab
 10830 | D:10     | HP: 1/89 [something (23)]
 10831 | D:10     | Noticed a fire crab
 11201 | D:10     | Noticed a fire crab
 11201 | D:10     | Noticed an entropy weaver
 11211 | D:10     | HP: 2/89 [fire crab] (36)]
 11211 | D:10     | Slain by a fire crab

Levels and vault maps discovered:
D:1:      eino_arrival_water_star, layout_basic, minmay_gold_behind_fungi,
          minmay_misc_feat_columns
D:2:      layout_rooms, first_ration
D:3:      layout_basic, nicolae_overflow_hidden_temple,
          chequers_ecumenical_altar_island
D:4:      layout_basic, old_standard_altar, grunt_temple_overflow_open,
          zin_purify, minmay_temple_entry_hall, uniq_robin
D:5:      layout_cave_pools
D:6:      layout_loops_ring, vehumet_crystals, serial_shops,
          kennysheep_mini_moat
D:7:      layout_gridville, lemuel_old_faithful
D:8:      layout_layer_cave
D:9:      layout_basic, the_bakery, minmay_shattered_shrine,
          uniq_prince_ribbit1, uniq_psyche
D:10:     gammafunk_mikee_crab_dinner, layout_loops_ring,
          due_lair_maze_entry_diamond, serial_glass, glass_columns_a,
          glass_columns_a, feat_on_display

Skill      XL: |  1  2  3  4  5  6  7  8  9 10 11 |
---------------+----------------------------------+-----
Invocations    | 1 2 3 4 5 6 7 |  7.0
Short Blades   | 1 2 3 4 5 6 |  6.3
Long Blades    | 1 2 3 4 5 6 |  6.3
Axes           | 1 2 3 4 5 6 |  6.3
Polearms       | 1 2 3 4 5 6 |  6.3
Staves         | 1 2 3 4 5 6 |  6.3
Slings         | 1 2 3 4 5 6 |  6.3
Bows           | 1 2 3 4 5 6 |  6.3
Crossbows      | 1 2 3 4 5 6 |  6.3
Throwing       | 1 2 3 4 5 6 |  6.3
Dodging        | 1 2 3 4 5 6 |  6.3
Stealth        | 1 2 3 4 5 6 |  6.3
Unarmed Combat | 1 2 3 4 5 6 |  6.3
Spellcasting   | 1 2 3 4 5 6 |  6.3
Evocations     | 1 2 3 4 5 6 |  6.3
Conjurations   | 1 2 3 4 5 |  5.2
Hexes          | 1 2 3 4 5 |  5.2
Charms         | 1 2 3 4 5 |  5.2
Summonings     | 1 2 3 4 5 |  5.2
Necromancy     | 1 2 3 4 5 |  5.2
Translocations | 1 2 3 4 5 |  5.2
Transmutations | 1 2 3 4 5 |  5.2
Fire Magic     | 1 2 3 4 5 |  5.2
Ice Magic      | 1 2 3 4 5 |  5.2
Air Magic      | 1 2 3 4 5 |  5.2
Earth Magic    | 1 2 3 4 5 |  5.2
Poison Magic   | 1 2 3 4 5 |  5.2
Maces & Flails | 5 6 7 |  7.9
Fighting       | 7 8 9 |  9.2
Armour         | 7 8 9 |  9.2
Shields        | 7 8 9 |  9.2

Action                   |  1- 3 |  4- 6 |  7- 9 | 10-12 || total
-------------------------+-------+-------+-------+-------++-------
Melee: Flail             |    88 |   236 |   202 |       ||   526
       Bite              |    14 |    25 |    50 |    64 ||   153
       Hunting sling     |    78 |       |       |       ||    78
       War axe           |       |       |   153 |   231 ||   384
 Fire: Hunting sling     |     3 |       |       |       ||     3
Throw: Boomerang         |       |       |       |     4 ||     4
       Stone             |       |       |       |     2 ||     2
Invok: Bend Time         |       |     1 |     1 |     2 ||     4
       Temporal Distorti |       |       |     1 |       ||     1
  Use: Scroll            |     3 |     2 |     2 |     2 ||     9
       Potion            |       |     3 |     7 |     3 ||    13
 Stab: Sleeping          |       |       |     4 |     2 ||     6
       Invisible         |       |       |     1 |       ||     1
       Distracted        |       |       |       |     2 ||     2
  Eat: Chunk             |       |    18 |     8 |     6 ||    32
Armor: Scale mail        |    76 |    86 |   147 |    90 ||   399
       Skin              |       |       |     8 |       ||     8
Dodge: Dodged            |    62 |    89 |   179 |   131 ||   461
Block: Kite shield       |   102 |   136 |   278 |   185 ||   701

Table legend:
 A = Non-vault XP
 B = Vault XP
 C = Vault XP percentage of total XP
 D = Non-vault monster count
 E = Vault monster count
 F = Vault count percentage of total count
                 A         B        C        D         E       F
            +---------+---------+-------+---------+---------+-------
      Total |   10419 |    4491 |  30.1 |     208 |      33 |  13.7
            +---------+---------+-------+---------+---------+-------
        D:1 |      69 |       0 |   0.0 |      30 |       0 |   0.0
        D:2 |      56 |       0 |   0.0 |      15 |       0 |   0.0
        D:3 |      13 |       0 |   0.0 |       6 |       0 |   0.0
        D:4 |     567 |      39 |   6.4 |      32 |      13 |  28.9
        D:5 |     677 |       0 |   0.0 |      20 |       0 |   0.0
        D:6 |     851 |       0 |   0.0 |      24 |       0 |   0.0
        D:7 |    1228 |       0 |   0.0 |      13 |       0 |   0.0
        D:8 |     896 |       0 |   0.0 |      18 |       0 |   0.0
        D:9 |    2611 |    2708 |  50.9 |      20 |      10 |  33.3
       D:10 |    3451 |    1744 |  33.6 |      30 |      10 |  25.0
            +---------+---------+-------+---------+---------+-------
